Map: Ever Dream LE

Players

SpeCial - Winner!

  • Race: Terran Terran
  • League: Master
  • Spawn Location: 7:00

TIME (Oliveira)

  • Race: Terran Terran
  • League: Grandmaster
  • Spawn Location: 1:00

Event: Shopify TSL 5

VOD

Have the link to the VOD?

Description

Time

  • Played on: May 16, 2020, 11:28 a.m.
  • Length: 9:20

All games in this series

Show
View Real Time Build Order
Export as new Build Order

SpeCial Terran - Winner!

Build Orders: 2 Factory, Cyclone Opening, Mech 

Get SALT Encoding   

  12  0:01  SCV  
  13  0:13  SCV  
  14  0:17  Supply Depot  
  14  0:25  SCV  
  15  0:39  SCV  
  15  0:40  Barracks  
  16  0:44  Refinery  
  16  0:51  SCV  
  16  0:53  Refinery  
  17  1:03  SCV  
  18  1:15  SCV  
  19  1:27  Reaper  
  19  1:28  Orbital Command  
  19  1:29  Supply Depot  
  20  1:43  Factory  
  20  1:54  SCV  
  21  2:00  Barracks Tech Lab  
  21  2:06  SCV  
  22  2:16  Command Center  
  22  2:18  SCV  
  23  2:30  SCV  
  23  2:33  Cyclone  
  23  2:34  Supply Depot  
  27  2:42  SCV  
  28  2:45  Factory  
  28  2:54  SCV  
  29  3:05  Cyclone  
  32  3:06  SCV, Barracks Tech Lab  
  33  3:18  SCV  
  34  3:25  Refinery  
  34  3:28  Orbital Command  
  34  3:30  SCV  
  35  3:37  Cyclone  
  38  3:42  SCV, Cyclone  
  42  3:51  Refinery  
  42  3:54  SCV  
  42  3:55  SCV  
  44  4:04  Supply Depot  
  44  4:06  SCV  
  44  4:07  SCV  
  44  4:08  Barracks Reactor, Starport  
  46  4:18  SCV, Cyclone  
  46  4:19  SCV  
  51  4:28  Cyclone  
  51  4:30  SCV  
  51  4:31  SCV  
  56  4:34  Supply Depot  
  56  4:42  SCV  
  56  4:43  SCV  
  56  4:45  Supply Depot  
  58  4:55  SCV x2, Command Center  
  58  4:59  Cyclone  
  62  5:04  Cyclone  
  66  5:07  SCV  
  66  5:11  SCV  
  67  5:21  Viking x2  
  68  5:27  SCV  
  69  5:32  SCV  
  61  5:43  Cyclone x2  
  61  5:44  SCV  
  61  5:47  SCV  
  69  5:50  Viking  
  69  5:51  Viking  
  69  5:56  SCV  
  74  5:59  SCV  
  74  6:03  Factory  
  75  6:08  SCV  
  76  6:17  Cyclone x2  
  82  6:23  SCV  
  77  6:31  Barracks Reactor  
  77  6:32  SCV  
  76  6:34  Orbital Command  
  76  6:36  SCV  
  78  6:40  Liberator  
  78  6:41  Liberator  
  78  6:44  SCV  
  83  6:48  SCV  
  84  6:56  SCV  
  84  6:57  Siege Tank  
  84  6:59  Supply Depot  
  84  7:00  SCV x2  
  84  7:01  Supply Depot  
  87  7:05  Siege Tank  
  88  7:08  SCV  
  88  7:12  SCV x2  
  88  7:15  Refinery x2  
  90  7:17  Hellion  
  90  7:20  SCV  
  90  7:21  Hellion  
  95  7:23  Supply Depot  
  95  7:24  SCV x2, Supply Depot  
  95  7:29  Viking x2  
  101  7:32  SCV  
  101  7:36  Supply Depot  
  102  7:38  SCV x2  
  102  7:43  Siege Tank  
  107  7:44  Hellion  
  107  7:45  Siege Tank  
  107  7:48  SCV  
  107  7:50  SCV  
  114  7:52  Hellion  
  114  7:54  SCV  
  117  7:59  Armory  
  117  8:00  SCV  
  117  8:03  SCV  
  117  8:04  Orbital Command  
  117  8:14  Liberator  
  117  8:15  Viking  
  117  8:19  Hellion, Siege Tank x2  
  130  8:22  Hellion  
  130  8:26  SCV x2  
  118  8:33  SCV  
  116  8:38  SCV x2  
  116  8:39  Refinery  
  116  8:41  Hellion  
  120  8:44  Hellion  
  120  8:45  SCV  
  123  8:50  SCV x2  
  123  8:53  Factory  
  123  8:54  Factory  
  123  8:57  SCV  
  128  9:02  SCV  
  128  9:03  SCV  
Show
View Real Time Build Order
Export as new Build Order

TIME Terran 

Build Orders: Reaper Expand 

Get SALT Encoding   

  12  0:00  SCV  
  13  0:13  SCV  
  14  0:17  Supply Depot  
  14  0:25  SCV  
  15  0:39  SCV  
  15  0:40  Barracks  
  16  0:44  Refinery  
  16  0:51  SCV  
  17  1:03  SCV  
  18  1:15  SCV  
  19  1:28  Reaper  
  19  1:29  Orbital Command  
  20  1:45  Command Center  
  20  1:50  Supply Depot  
  20  1:55  SCV  
  20  2:00  Marine  
  22  2:07  SCV  
  23  2:08  Factory  
  23  2:14  Refinery  
  23  2:19  Marine  
  23  2:21  SCV  
  25  2:30  Bunker  
  25  2:33  SCV  
  26  2:37  Marine  
  27  2:46  SCV  
  28  2:52  Hellion, Starport  
  28  2:55  Barracks Reactor  
  30  3:00  Orbital Command  
  30  3:03  SCV  
  31  3:14  Factory Tech Lab  
  31  3:16  Orbital Command, Refinery  
  31  3:17  SCV  
  32  3:30  SCV  
  32  3:32  Siege Tank  
  36  3:40  Barracks Tech Lab  
  36  3:41  Viking  
  36  3:42  SCV x2  
  36  3:47  Viking  
  42  3:54  SCV, Supply Depot  
  42  3:55  SCV  
  44  3:58  Marine  
  44  4:06  SCV  
  44  4:08  SCV  
  46  4:16  Siege Tank  
  49  4:17  Viking, Supply Depot  
  49  4:20  Viking  
  49  4:21  SCV  
  54  4:27  Supply Depot  
  54  4:32  Stimpack  
  54  4:38  SCV x2, Marine  
  57  4:49  Siege Tank  
  57  4:50  SCV x2, Supply Depot  
  62  4:57  Viking  
  64  5:03  SCV  
  64  5:06  SCV  
  64  5:12  Viking  
  66  5:15  SCV  
  66  5:16  Command Center  
  63  5:22  Siege Tank  
  66  5:36  Viking  
  62  5:44  Viking  
  62  5:45  SCV  
  62  5:46  Marine  
  62  5:48  SCV  
  67  5:52  Barracks  
  67  5:53  Barracks  
  67  5:55  Supply Depot, Refinery  
  67  6:02  Siege Tank  
  67  6:03  SCV x2  
  72  6:05  Marine  
  72  6:09  Viking  
  75  6:15  SCV  
  65  6:28  Viking  
  65  6:29  SCV  
  65  6:30  SCV  
  64  6:32  Engineering Bay  
  64  6:33  Engineering Bay, Orbital Command  
  64  6:34  Marine  
  64  6:35  Siege Tank  
  68  6:41  Barracks Reactor, Barracks Tech Lab  
  68  6:42  SCV  
  68  6:43  SCV  
  70  6:49  Barracks  
  70  6:52  Barracks  
  70  6:55  SCV x2, Marine  
  70  6:58  Medivac x2  
  70  7:00  SCV  
  78  7:04  Combat Shield, Marine  
  78  7:07  SCV x2  
  81  7:10  Supply Depot  
  81  7:12  SCV  
  81  7:15  Terran Infantry Weapons Level 1  
  82  7:17  Marauder, Marine x2  
  82  7:19  SCV x2  
  88  7:24  SCV  
  88  7:25  Supply Depot  
  88  7:28  Refinery  
  88  7:30  Refinery  
  88  7:32  Marauder  
  88  7:34  SCV x2  
  88  7:36  SCV  
  88  7:37  Marine x2  
  93  7:38  Marauder  
  93  7:40  Siege Tank  
  93  7:41  Barracks Reactor, Barracks Tech Lab  
  100  7:46  SCV  
  100  7:50  SCV x2  
  103  7:52  Medivac  
  103  7:54  Marine  
  106  7:58  Supply Depot  
  106  8:00  Supply Depot  
  106  8:05  Marauder, Marine x2  
  110  8:10  Command Center, Marine  
  101  8:13  Viking  
  101  8:16  Marine  
  98  8:21  Marine  
  98  8:22  Viking  
  98  8:25  Marine  
  98  8:26  Marauder  
  91  8:29  Marine  
  87  8:34  Marine  
  87  8:40  Marine  
  89  8:44  Marauder  
  89  8:47  SCV x2  
  89  8:50  Marine  
  89  8:53  SCV  
  88  8:58  Marine x2  
  88  8:59  SCV x2  
Tags
 
Add a new tag
Caveats
  • Supply blocks, unpowered buildings, or Contaminate may cause inaccurate times.
  • Supply counts are checked every 10 seconds.